Sharks vs Predators

Created - December 16, 2018 at 19:11

Goals
1 2 3 OT1 T
Sharks 0 1 1 1 3
Predators 0 0 2 0 2
Shots
1 2 3 OT1 T
Sharks 13 11 9 1 34
Predators 5 12 10 1 28

1st period

No Goal

Penalties :
No Penalty

2nd period

1. Sharks , Kevin Shattenkirk 3 (Jason Spezza 11) at 4:46 (PP)

Penalties :
Niclas Bergfors (Nas) for Holding (Minor) at 4:18, Brendan Gallagher (Nas) for Tripping (Minor) at 17:13

3rd period

2. Predators , Niclas Bergfors 9 (Ryan Mcdonagh 5, Mikael Granlund 16) at 0:28
3. Predators , Mikael Granlund 6 (Alexander Ovechkin 16, Ryan Mcdonagh 6) at 2:26
4. Sharks , Maxim Afinogenov 7 (Jason Spezza 12) at 5:12

Penalties :
Ryan Murray (Nas) for Hooking (Minor) at 1:25, Milan Michalek (SJS) for Tripping (Minor) at 1:36, Brendan Gallagher (Nas) for Slashing (Minor) at 10:59, James Van Riemsdyk (Nas) for Hooking (Minor) at 17:26, Maxim Afinogenov (SJS) for Hooking (Minor) at 17:45

Overtime #1

5. Sharks , Jason Spezza 15 (Milan Michalek 6, Kevin Shattenkirk 23) at 0:11

Penalties :
No Penalty

Goalie Stats

Tyler Weiman (SJS), 26 saves from 28 shots - (0.929), W, 8-8-4, 60:11 minutes
Viktor Fasth (Nas), 31 saves from 34 shots - (0.912), OTL, 12-9-2, 60:11 minutes

Players Stats for Sharks

Player Name              G  A  P  +/- PIM S  H  SB GA TA FO     MP     PP MP  PK MP  
------------------------------------------------------------------------------------
Adam Larsson             0  0  0   0  0   2  3  1  0  1  0/0    13:32   0:00   0:00 
Andrej Sekera            0  0  0   0  0   2  2  1  0  1  0/0    27:09   2:41   0:08 
Bobby Butler             0  0  0  -1  0   2  1  0  0  1  0/0    13:28   0:05   0:03 
Damien Brunner           0  0  0   0  0   1  0  0  0  0  0/0    13:44   0:05   0:13 
Darren Helm              0  0  0   0  0   0  1  2  0  0  1/2     8:53   0:00   0:05 
Jason Spezza             1  2  3   1  0   3  0  0  1  0  19/32  21:54   3:06   0:09 
Jiri Tlusty              0  0  0   0  0   1  2  0  1  1  0/0     9:01   0:05   0:00 
Jordan LaVallee          0  0  0   0  0   0  1  0  2  0  0/0     8:56   0:00   0:08 
Kevin Shattenkirk        1  1  2   0  0   6  2  3  2  1  0/0    27:09   2:41   0:08 
Mark Giordano            0  0  0   0  0   0  1  0  0  0  0/0    13:32   0:00   0:00 
Maxim Afinogenov         1  0  1   0  2   2  1  0  1  0  3/4    19:17   3:05   0:00 
Maxim Kondratiev         0  0  0   0  0   1  0  2  0  0  0/0    19:30   2:15   0:22 
Milan Michalek           0  1  1   1  2   2  1  0  0  0  2/3    20:42   3:05   0:06 
Nate Prosser             0  0  0   0  0   2  0  0  0  0  0/0    19:30   2:15   0:22 
Nick Palmieri            0  0  0   0  0   1  1  0  1  0  0/0    15:42   1:45   0:00 
Oskar Osala              0  0  0   0  0   3  4  1  1  1  0/0    15:42   1:45   0:00 
Rob Schremp              0  0  0  -1  0   3  0  1  0  0  0/4    12:43   0:00   0:03 
T.J. Hensick             0  0  0   0  0   3  3  0  1  1  5/9    16:20   1:45   0:13 

Players Stats for Predators

Player Name              G  A  P  +/- PIM S  H  SB GA TA FO     MP     PP MP  PK MP  
------------------------------------------------------------------------------------
Adam Burish              0  0  0   0  0   3  0  2  0  1  0/0     8:44   0:00   0:55 
Alexander Edler          0  0  0   1  0   2  1  1  0  2  0/0    28:43   0:18   2:47 
Alexander Ovechkin       0  1  1   1  0   2  2  0  1  0  2/2    20:31   0:10   0:57 
Alexander Steen          0  0  0   0  0   4  1  0  0  0  0/0    13:48   0:20   0:00 
Andy Miele               0  0  0   0  0   1  1  0  0  0  4/6    14:12   0:00   2:52 
Brendan Gallagher        0  0  0   0  4   1  1  0  1  0  1/1    12:04   0:20   0:00 
Byron Bitz               0  0  0   0  0   1  1  0  0  0  0/1    16:18   0:00   2:51 
Dmitri Kalinin           0  0  0   0  0   1  1  3  0  0  0/0    15:39   0:00   0:09 
James Van Riemsdyk       0  0  0   0  2   0  1  0  1  1  0/0    11:19   0:00   0:00 
John Moore               0  0  0   0  0   0  1  2  0  0  0/0    20:13   0:12   2:00 
Justin Abdelkader        0  0  0   0  0   4  1  0  0  0  0/0     9:06   0:00   1:01 
Michal Rozsival          0  0  0  -1  0   1  1  0  1  1  0/0    15:25   0:00   2:00 
Mikael Granlund          1  1  2   1  0   2  4  0  0  0  12/27  19:09   0:10   0:00 
Niclas Bergfors          1  0  1  -1  2   2  1  0  3  1  0/3    20:31   0:10   0:00 
Ryan Kesler              0  0  0  -1  0   3  2  0  0  0  5/13   17:06   0:20   0:55 
Ryan Mcdonagh            0  2  2   1  0   1  3  1  0  4  0/0    28:43   0:18   2:47 
Ryan Murray              0  0  0  -1  2   0  0  1  0  0  0/0    11:38   0:12   0:09 
Scott Laughton           0  0  0   0  0   0  1  0  0  0  0/1     9:06   0:00   0:21 

3 Stars

1 - Jason Spezza (SJS)
2 - Mikael Granlund (Nas)
3 - Kevin Shattenkirk (SJS)

Power Play

Sharks - 1 on 5 Attempt(s) - 20.00%
Predators - 0 on 2 Attempt(s) - 0.00%

Penalty Kill

Sharks - 2 on 2 Attempt(s) - 100.00% - Score 0 goal in Penalty Kill
Predators - 4 on 5 Attempt(s) - 80.00% - Score 0 goal in Penalty Kill

Team Stat

Sharks - Hits : 23 - Faceoff Wins : 30 - Blocked Shots : 11 - Penalty Minutes : 4
Predators - Hits : 23 - Faceoff Wins : 24 - Blocked Shots : 10 - Penalty Minutes : 10

Official

Referees : Unknown
Linesman : Unknown

Game Notes

No Game Note

Finance

Level 1 -- Attendance: 5267 (87.78%) -- Ticket Income $463,496
Level 2 -- Attendance: 4918 (98.36%) -- Ticket Income $265,572
Level 3 -- Attendance: 2000 (100.00%) -- Ticket Income $68,000
Level 4 -- Attendance: 3642 (91.05%) -- Ticket Income $94,692
Luxury Box -- Attendance: 781 (78.10%) -- Ticket Income $132,770
Game was played at the Wildcat center.
Total Attendance: 16608 (92.27%)
Total Ticket Income: $1,024,530
Other Income: $153,680
Total Income: $1,178,210

Sharks

5 vs 5 Forward 
   Center                   Left Wing                Right Wing               Time % Phy DF OF 
 1 Jason Spezza             Milan Michalek           Maxim Afinogenov         40     1   2  2  
 2 T.J. Hensick             Oskar Osala              Nick Palmieri            30     1   2  2  
 3 Rob Schremp              Bobby Butler             Damien Brunner           20     1   2  2  
 4 Darren Helm              Jordan LaVallee          Jiri Tlusty              10     1   2  2  

5 vs 5 Defense 
   Defense                  Defense                                           Time % Phy DF OF 
 1 Kevin Shattenkirk        Andrej Sekera                                     40     1   2  2  
 2 Nate Prosser             Maxim Kondratiev                                  30     1   2  2  
 3 Mark Giordano            Adam Larsson                                      20     1   2  2  
 4 Kevin Shattenkirk        Andrej Sekera                                     10     1   2  2  

PowerPlay Forward 
   Center                   Left Wing                Right Wing               Time % Phy DF OF 
 1 Jason Spezza             Milan Michalek           Maxim Afinogenov         60     1   2  2  
 2 T.J. Hensick             Oskar Osala              Nick Palmieri            40     1   2  2  

PowerPlay Defense
   Defense                  Defense                                           Time % Phy DF OF 
 1 Kevin Shattenkirk        Andrej Sekera                                     60     1   2  2  
 2 Nate Prosser             Maxim Kondratiev                                  40     1   2  2  

Penalty Kill 4 Players Forward 
   Center                   Wing                     Time % Phy DF OF 
 1 Jason Spezza             Milan Michalek           60     1   4  0  
 2 Maxim Afinogenov         T.J. Hensick             40     1   4  0  

Penalty Kill 4 Players Defense
   Defense                  Defense                  Time % Phy DF OF 
 1 Kevin Shattenkirk        Andrej Sekera            60     1   4  0  
 2 Nate Prosser             Maxim Kondratiev         40     1   4  0  

Penalty Kill - 3 Players Forward 
   Forward                                           Time % Phy DF OF 
 1 Jason Spezza                                      60     1   4  0  
 2 Milan Michalek                                    40     1   4  0  

Penalty Kill - 3 Players Defense
   Defense                  Defense                  Time % Phy DF OF 
 1 Kevin Shattenkirk        Andrej Sekera            60     1   4  0  
 2 Nate Prosser             Maxim Kondratiev         40     1   4  0  

4 vs 4 Forward 
   Center                   Wing                     Time % Phy DF OF 
 1 Jason Spezza             Milan Michalek           60     1   2  2  
 2 Maxim Afinogenov         T.J. Hensick             40     1   2  2  

4 vs 4 Defense
   Defense                  Defense                  Time % Phy DF OF 
 1 Kevin Shattenkirk        Andrej Sekera            60     1   2  2  
 2 Nate Prosser             Maxim Kondratiev         40     1   2  2  

Last Minutes Offensive
   Center                   Left Wing                Right Wing               Defense                  Defense                  
   Jason Spezza             Milan Michalek           Maxim Afinogenov         Kevin Shattenkirk        Andrej Sekera            

Last Minutes Defensive
   Center                   Left Wing                Right Wing               Defense                  Defense                  
   Jason Spezza             Milan Michalek           Maxim Afinogenov         Kevin Shattenkirk        Andrej Sekera            

Goaltenders
Starting : Tyler Weiman             
Backup : Brent Krahn              

Extra Forwards
Normal : Damien Brunner, Bobby Butler, Rob Schremp - PP : Damien Brunner, Bobby Butler - PK : Rob Schremp
Extra Defensemen
Normal : Mark Giordano, Adam Larsson, Nate Prosser - PP : Mark Giordano - PK : Adam Larsson, Nate Prosser
Penalty Shots
Jason Spezza, Milan Michalek, Maxim Afinogenov, T.J. Hensick, Nick Palmieri

Scratches
Martin Erat (Healthy)

Predators

5 vs 5 Forward 
   Center                   Left Wing                Right Wing               Time % Phy DF OF 
 1 Mikael Granlund          Alexander Ovechkin       Niclas Bergfors          40     1   2  2  
 2 Ryan Kesler              Alexander Steen          Byron Bitz               30     2   1  2  
 3 Andy Miele               James Van Riemsdyk       Brendan Gallagher        20     1   2  2  
 4 Scott Laughton           Justin Abdelkader        Adam Burish              10     1   2  2  

5 vs 5 Defense 
   Defense                  Defense                                           Time % Phy DF OF 
 1 Ryan Mcdonagh            Alexander Edler                                   40     1   2  2  
 2 John Moore               Dmitri Kalinin                                    30     1   2  2  
 3 Ryan Murray              Michal Rozsival                                   20     1   2  2  
 4 Ryan Mcdonagh            Alexander Edler                                   10     1   2  2  

PowerPlay Forward 
   Center                   Left Wing                Right Wing               Time % Phy DF OF 
 1 Mikael Granlund          Alexander Ovechkin       Niclas Bergfors          60     1   1  3  
 2 Ryan Kesler              Alexander Steen          Brendan Gallagher        40     1   1  3  

PowerPlay Defense
   Defense                  Defense                                           Time % Phy DF OF 
 1 Ryan Mcdonagh            Alexander Edler                                   60     1   1  3  
 2 Ryan Murray              John Moore                                        40     1   2  2  

Penalty Kill 4 Players Forward 
   Center                   Wing                     Time % Phy DF OF 
 1 Andy Miele               Byron Bitz               60     1   2  2  
 2 Ryan Kesler              Adam Burish              40     1   2  2  

Penalty Kill 4 Players Defense
   Defense                  Defense                  Time % Phy DF OF 
 1 Ryan Mcdonagh            Alexander Edler          60     1   2  2  
 2 John Moore               Michal Rozsival          40     1   2  2  

Penalty Kill - 3 Players Forward 
   Forward                                           Time % Phy DF OF 
 1 Byron Bitz                                        60     1   2  2  
 2 Adam Burish                                       40     1   2  2  

Penalty Kill - 3 Players Defense
   Defense                  Defense                  Time % Phy DF OF 
 1 Ryan Mcdonagh            Alexander Edler          60     1   2  2  
 2 John Moore               Michal Rozsival          40     1   2  2  

4 vs 4 Forward 
   Center                   Wing                     Time % Phy DF OF 
 1 Ryan Kesler              Niclas Bergfors          60     1   2  2  
 2 Mikael Granlund          Alexander Ovechkin       40     1   2  2  

4 vs 4 Defense
   Defense                  Defense                  Time % Phy DF OF 
 1 Ryan Mcdonagh            Alexander Edler          60     1   2  2  
 2 John Moore               Michal Rozsival          40     1   2  2  

Last Minutes Offensive
   Center                   Left Wing                Right Wing               Defense                  Defense                  
   Ryan Kesler              Alexander Ovechkin       Niclas Bergfors          Ryan Mcdonagh            Alexander Edler          

Last Minutes Defensive
   Center                   Left Wing                Right Wing               Defense                  Defense                  
   Ryan Kesler              Alexander Ovechkin       Byron Bitz               Ryan Mcdonagh            Alexander Edler          

Goaltenders
Starting : Viktor Fasth             
Backup : Chad Johnson             

Extra Forwards
Normal : Scott Laughton, James Van Riemsdyk, Justin Abdelkader - PP : Brendan Gallagher, James Van Riemsdyk - PK : Justin Abdelkader
Extra Defensemen
Normal : Michal Rozsival, Ryan Murray, John Moore - PP : Dmitri Kalinin - PK : John Moore, Dmitri Kalinin
Penalty Shots
Alexander Ovechkin, Niclas Bergfors, Ryan Kesler, Andy Miele, Justin Abdelkader

Scratches
Barret Jackman (Healthy), Anton Gustafsson (Left Hand Injury)

% Time on Ice - Sharks

Lines # - Real PCT - Wanted PCT - Time Play
Normal Forward
1 - 32% - 40% - 16:36
2 - 27% - 30% - 14:00
3 - 23% - 20% - 11:50
4 - 17% - 10% - 8:40
Normal Defense
1 - 39% - 40% - 19:55
2 - 30% - 30% - 15:22
3 - 26% - 20% - 13:32
4 - 4% - 10% - 2:17
PP Forward
1 - 65% - 60% - 3:11
2 - 35% - 40% - 1:45
PP Defense
1 - 54% - 60% - 2:41
2 - 46% - 40% - 2:15
PK Forward
1 - 57% - 60% - 0:17
2 - 43% - 40% - 0:13
PK Defense
1 - 27% - 60% - 0:08
2 - 73% - 40% - 0:22
PK3 Forward
1 - 0% - 60%
2 - 0% - 40%
PK3 Defense
1 - 0% - 60%
2 - 0% - 40%
44 Forward
1 - 89% - 60% - 3:14
2 - 11% - 40% - 0:25
44 Defense
1 - 58% - 60% - 2:08
2 - 42% - 40% - 1:31
Last Minute Offensive  - 0:00
Last Minute Defensive  - 0:00
Total
Forward - 60:11
Defense - 60:11

% Time on Ice - Predators

Lines # - Real PCT - Wanted PCT - Time Play
Normal Forward
1 - 36% - 40% - 18:29
2 - 26% - 30% - 13:28
3 - 22% - 20% - 11:20
4 - 15% - 10% - 7:49
Normal Defense
1 - 39% - 40% - 20:09
2 - 32% - 30% - 16:30
3 - 22% - 20% - 11:06
4 - 7% - 10% - 3:21
PP Forward
1 - 33% - 60% - 0:10
2 - 67% - 40% - 0:20
PP Defense
1 - 60% - 60% - 0:18
2 - 40% - 40% - 0:12
PK Forward
1 - 81% - 60% - 4:01
2 - 19% - 40% - 0:55
PK Defense
1 - 59% - 60% - 2:56
2 - 41% - 40% - 2:00
PK3 Forward
1 - 0% - 60%
2 - 0% - 40%
PK3 Defense
1 - 0% - 60%
2 - 0% - 40%
44 Forward
1 - 75% - 60% - 2:44
2 - 25% - 40% - 0:55
44 Defense
1 - 58% - 60% - 2:08
2 - 42% - 40% - 1:31
Last Minute Offensive  - 0:00
Last Minute Defensive  - 0:00
Total
Forward - 60:11
Defense - 60:11

Play by Play

1st period


0:01 of 1st period - Alexander Ovechkin wins face-off versus Milan Michalek in neutral zone.
0:33 of 1st period - Snap shot by T.J. Hensick.
0:33 of 1st period - Shot Misses the Net.
1:09 of 1st period - Slapshot by Kevin Shattenkirk.
1:09 of 1st period - Shot Blocked by Adam Burish.
1:11 of 1st period - Slapshot by Kevin Shattenkirk.
1:11 of 1st period - Shot Blocked by Adam Burish.
1:13 of 1st period - Slapshot by Kevin Shattenkirk.
1:13 of 1st period - Stopped by Viktor Fasth without a rebound.
1:14 of 1st period - Maxim Afinogenov wins face-off versus Mikael Granlund in Predators zone.
1:48 of 1st period - Wrist shot by Oskar Osala.
1:48 of 1st period - Stopped by Viktor Fasth with a rebound.
1:54 of 1st period - Michal Rozsival is hit by Mark Giordano and loses puck.
2:42 of 1st period - Backhand shot by Alexander Edler.
2:42 of 1st period - Shot Misses the Net.
3:49 of 1st period - Snap shot by Maxim Afinogenov.
3:49 of 1st period - Shot Misses the Net.
4:07 of 1st period - Snap shot by Niclas Bergfors.
4:07 of 1st period - Shot Misses the Net.
4:09 of 1st period - Snap shot by Dmitri Kalinin.
4:09 of 1st period - Stopped by Tyler Weiman without a rebound.
4:10 of 1st period - Jason Spezza wins face-off versus Niclas Bergfors in Sharks zone.
5:11 of 1st period - Off-side.
5:12 of 1st period - Jason Spezza wins face-off versus Mikael Granlund in neutral zone.
5:44 of 1st period - Snap shot by Byron Bitz.
5:44 of 1st period - Shot Hit the Post.
6:07 of 1st period - Ryan Mcdonagh is hit by Jordan LaVallee and loses puck.
6:23 of 1st period - Icing by Ryan Mcdonagh.
6:24 of 1st period - Jason Spezza wins face-off versus Scott Laughton in Predators zone.
6:39 of 1st period - Kevin Shattenkirk is hit by Justin Abdelkader.
6:59 of 1st period - Wrist shot by Alexander Ovechkin.
6:59 of 1st period - Stopped by Tyler Weiman with a rebound.
8:05 of 1st period - Wrist shot by Justin Abdelkader.
8:05 of 1st period - Stopped by Tyler Weiman with a rebound.
8:07 of 1st period - Slapshot by Dmitri Kalinin.
8:07 of 1st period - Deflect By Justin Abdelkader.
8:07 of 1st period - Stopped by Tyler Weiman with a rebound.
8:17 of 1st period - Wrist shot by Niclas Bergfors.
8:17 of 1st period - Shot Misses the Net.
9:00 of 1st period - Slapshot by Kevin Shattenkirk.
9:00 of 1st period - Shot Hit the Post.
9:02 of 1st period - Slapshot by Maxim Kondratiev.
9:02 of 1st period - Stopped by Viktor Fasth with a rebound.
9:04 of 1st period - Slapshot by Damien Brunner.
9:04 of 1st period - Shot Blocked by Dmitri Kalinin.
9:06 of 1st period - Slapshot by Nate Prosser.
9:06 of 1st period - Stopped by Viktor Fasth without a rebound.
9:07 of 1st period - Mikael Granlund wins face-off versus T.J. Hensick in Predators zone.
9:18 of 1st period - Maxim Kondratiev is hit by Niclas Bergfors and loses puck.
10:14 of 1st period - Slapshot by Alexander Edler.
10:14 of 1st period - Shot Blocked by Maxim Kondratiev.
10:20 of 1st period - Snap shot by Jason Spezza.
10:20 of 1st period - Shot Misses the Net.
11:21 of 1st period - Snap shot by Milan Michalek.
11:21 of 1st period - Shot Misses the Net.
11:23 of 1st period - Slapshot by Adam Larsson.
11:23 of 1st period - Stopped by Viktor Fasth with a rebound.
11:25 of 1st period - Snap shot by Milan Michalek.
11:25 of 1st period - Stopped by Viktor Fasth with a rebound.
11:47 of 1st period - Slapshot by Alexander Ovechkin.
11:47 of 1st period - Shot Blocked by Adam Larsson.
11:57 of 1st period - Wrist shot by Nick Palmieri.
11:57 of 1st period - Shot Blocked by John Moore.
12:01 of 1st period - Slapshot by T.J. Hensick.
12:01 of 1st period - Shot Blocked by Dmitri Kalinin.
12:03 of 1st period - Snap shot by Oskar Osala.
12:03 of 1st period - Stopped by Viktor Fasth with a rebound.
12:05 of 1st period - Backhand shot by T.J. Hensick.
12:05 of 1st period - Stopped by Viktor Fasth with a rebound.
12:30 of 1st period - Icing by Rob Schremp.
12:31 of 1st period - Mikael Granlund wins face-off versus Rob Schremp in Sharks zone.
14:04 of 1st period - Icing by Alexander Ovechkin.
14:05 of 1st period - Mikael Granlund wins face-off versus Rob Schremp in Predators zone.
14:33 of 1st period - Slapshot by Kevin Shattenkirk.
14:33 of 1st period - Stopped by Viktor Fasth without a rebound.
14:34 of 1st period - Jason Spezza wins face-off versus Ryan Kesler in Predators zone.
14:34 of 1st period - Jason Spezza is hit by Byron Bitz.
15:32 of 1st period - Wrist shot by Damien Brunner.
15:32 of 1st period - Shot Misses the Net.
15:34 of 1st period - Slapshot by Adam Larsson.
15:34 of 1st period - Deflect By Dmitri Kalinin.
15:34 of 1st period - Stopped by Viktor Fasth with a rebound.
16:40 of 1st period - Snap shot by Byron Bitz.
16:40 of 1st period - Stopped by Tyler Weiman without a rebound.
16:41 of 1st period - Jason Spezza wins face-off versus Mikael Granlund in Sharks zone.
17:14 of 1st period - Wrist shot by Jiri Tlusty.
17:14 of 1st period - Stopped by Viktor Fasth with a rebound.
17:28 of 1st period - Slapshot by Kevin Shattenkirk.
17:28 of 1st period - Deflect By Bobby Butler.
17:28 of 1st period - Stopped by Viktor Fasth without a rebound.
17:29 of 1st period - Ryan Kesler wins face-off versus Rob Schremp in Predators zone.
17:44 of 1st period - Andrej Sekera is hit by Alexander Steen.
18:30 of 1st period - Snap shot by Jason Spezza.
18:30 of 1st period - Shot Blocked by Dmitri Kalinin.
18:42 of 1st period - Alexander Edler is hit by T.J. Hensick and loses puck.
18:51 of 1st period - Slapshot by T.J. Hensick.
18:51 of 1st period - Deflect By Alexander Edler.
18:51 of 1st period - Stopped by Viktor Fasth without a rebound.
18:52 of 1st period - T.J. Hensick wins face-off versus Niclas Bergfors in Predators zone.
19:09 of 1st period - Nick Palmieri is hit by Mikael Granlund and loses puck.
19:41 of 1st period - James Van Riemsdyk is hit by Adam Larsson and loses puck.
Goals for this period are 0 for Sharks vs 0 for Predators.
Shots for this period are 13 for Sharks vs 5 for Predators.

2nd period


0:01 of 2nd period - Jason Spezza wins face-off versus Mikael Granlund in neutral zone.
0:26 of 2nd period - Nick Palmieri is hit by James Van Riemsdyk and loses puck.
0:39 of 2nd period - Slapshot by Oskar Osala.
0:39 of 2nd period - Stopped by Viktor Fasth with a rebound.
0:49 of 2nd period - Brendan Gallagher is hit by Bobby Butler and loses puck.
1:24 of 2nd period - Milan Michalek is hit by Ryan Mcdonagh.
2:06 of 2nd period - Ryan Mcdonagh is hit by Jiri Tlusty and loses puck.
2:41 of 2nd period - Snap shot by Byron Bitz.
2:41 of 2nd period - Shot Misses the Net.
4:01 of 2nd period - Niclas Bergfors is hit by Maxim Afinogenov and loses puck.
4:18 of 2nd period - Minor Penalty to Niclas Bergfors for Holding.
4:19 of 2nd period - Andy Miele wins face-off versus Maxim Afinogenov in Predators zone.
4:34 of 2nd period - Snap shot by Milan Michalek.
4:34 of 2nd period - Stopped by Viktor Fasth without a rebound.
4:35 of 2nd period - Milan Michalek wins face-off versus Andy Miele in Predators zone.
4:46 of 2nd period - Slapshot by Kevin Shattenkirk.
4:46 of 2nd period - Goal by Kevin Shattenkirk - Sharks : 1 - Predators : 0.
4:47 of 2nd period - Jason Spezza wins face-off versus Mikael Granlund in neutral zone.
4:52 of 2nd period - Slapshot by Kevin Shattenkirk.
4:52 of 2nd period - Deflect By Niclas Bergfors.
4:52 of 2nd period - Stopped by Viktor Fasth without a rebound.
4:53 of 2nd period - Mikael Granlund wins face-off versus Jason Spezza in Predators zone.
5:05 of 2nd period - Snap shot by Niclas Bergfors.
5:05 of 2nd period - Shot Misses the Net.
5:07 of 2nd period - Slapshot by Michal Rozsival.
5:07 of 2nd period - Stopped by Tyler Weiman without a rebound.
5:08 of 2nd period - T.J. Hensick wins face-off versus Ryan Kesler in Sharks zone.
5:08 of 2nd period - T.J. Hensick is hit by Ryan Kesler.
5:23 of 2nd period - Slapshot by Alexander Steen.
5:23 of 2nd period - Deflect By Byron Bitz.
5:23 of 2nd period - Shot Misses the Net.
5:23 of 2nd period - Puck is out of play.
5:24 of 2nd period - Mikael Granlund wins face-off versus Jason Spezza in Sharks zone.
5:49 of 2nd period - Kevin Shattenkirk is hit by Ryan Kesler and loses puck.
5:59 of 2nd period - Wrist shot by Ryan Kesler.
5:59 of 2nd period - Shot Misses the Net.
6:01 of 2nd period - Slapshot by Alexander Edler.
6:01 of 2nd period - Shot Blocked by Andrej Sekera.
7:07 of 2nd period - Wrist shot by Ryan Kesler.
7:07 of 2nd period - Stopped by Tyler Weiman without a rebound.
7:08 of 2nd period - T.J. Hensick wins face-off versus Mikael Granlund in Sharks zone.
7:23 of 2nd period - Backhand shot by T.J. Hensick.
7:23 of 2nd period - Shot Misses the Net.
7:38 of 2nd period - Slapshot by Ryan Kesler.
7:38 of 2nd period - Stopped by Tyler Weiman without a rebound.
7:39 of 2nd period - Jason Spezza wins face-off versus Ryan Kesler in Sharks zone.
8:08 of 2nd period - Slapshot by Rob Schremp.
8:08 of 2nd period - Stopped by Viktor Fasth without a rebound.
8:09 of 2nd period - Mikael Granlund wins face-off versus Rob Schremp in Predators zone.
8:36 of 2nd period - Snap shot by Bobby Butler.
8:36 of 2nd period - Shot Misses the Net.
8:38 of 2nd period - Wrist shot by Rob Schremp.
8:38 of 2nd period - Stopped by Viktor Fasth with a rebound.
8:40 of 2nd period - Snap shot by Rob Schremp.
8:40 of 2nd period - Stopped by Viktor Fasth with a rebound.
8:42 of 2nd period - Wrist shot by Maxim Kondratiev.
8:42 of 2nd period - Shot Misses the Net.
8:44 of 2nd period - Slapshot by Nate Prosser.
8:44 of 2nd period - Stopped by Viktor Fasth without a rebound.
8:45 of 2nd period - Maxim Afinogenov wins face-off versus Mikael Granlund in Predators zone.
8:48 of 2nd period - Wrist shot by Maxim Afinogenov.
8:48 of 2nd period - Deflect By Jason Spezza.
8:48 of 2nd period - Stopped by Viktor Fasth with a rebound.
9:10 of 2nd period - Alexander Ovechkin is hit by Darren Helm and loses puck.
9:25 of 2nd period - Icing by Andrej Sekera.
9:26 of 2nd period - Ryan Kesler wins face-off versus Darren Helm in Sharks zone.
9:29 of 2nd period - Snap shot by Alexander Steen.
9:29 of 2nd period - Stopped by Tyler Weiman with a rebound.
9:31 of 2nd period - Slapshot by Ryan Mcdonagh.
9:31 of 2nd period - Shot Blocked by Kevin Shattenkirk.
9:33 of 2nd period - Snap shot by Alexander Steen.
9:33 of 2nd period - Stopped by Tyler Weiman with a rebound.
9:35 of 2nd period - Slapshot by Alexander Edler.
9:35 of 2nd period - Stopped by Tyler Weiman without a rebound.
9:36 of 2nd period - Ryan Kesler wins face-off versus Jason Spezza in Sharks zone.
9:45 of 2nd period - Wrist shot by Alexander Steen.
9:45 of 2nd period - Stopped by Tyler Weiman with a rebound.
10:31 of 2nd period - Wrist shot by James Van Riemsdyk.
10:31 of 2nd period - Shot Misses the Net.
10:41 of 2nd period - Dmitri Kalinin is hit by Milan Michalek and loses puck.
11:06 of 2nd period - Snap shot by Ryan Kesler.
11:06 of 2nd period - Stopped by Tyler Weiman without a rebound.
11:07 of 2nd period - Darren Helm wins face-off versus Mikael Granlund in Sharks zone.
11:20 of 2nd period - Snap shot by Alexander Ovechkin.
11:20 of 2nd period - Deflect By Mikael Granlund.
11:20 of 2nd period - Shot Misses the Net.
11:20 of 2nd period - Puck is out of play.
11:21 of 2nd period - Mikael Granlund wins face-off versus Jason Spezza in Sharks zone.
11:32 of 2nd period - Icing by Jason Spezza.
11:33 of 2nd period - Jason Spezza wins face-off versus Mikael Granlund in Sharks zone.
11:33 of 2nd period - Jason Spezza is hit by Mikael Granlund.
11:39 of 2nd period - Wrist shot by Maxim Afinogenov.
11:39 of 2nd period - Stopped by Viktor Fasth without a rebound.
11:40 of 2nd period - Jason Spezza wins face-off versus Mikael Granlund in Predators zone.
12:05 of 2nd period - Ryan Mcdonagh is hit by Andrej Sekera and loses puck.
12:35 of 2nd period - Backhand shot by Damien Brunner.
12:35 of 2nd period - Stopped by Viktor Fasth with a rebound.
13:13 of 2nd period - Snap shot by Nick Palmieri.
13:13 of 2nd period - Shot Blocked by Ryan Murray.
13:42 of 2nd period - Wrist shot by Adam Burish.
13:42 of 2nd period - Stopped by Tyler Weiman with a rebound.
13:44 of 2nd period - Backhand shot by Alexander Edler.
13:44 of 2nd period - Shot Blocked by Maxim Kondratiev.
13:46 of 2nd period - Slapshot by Adam Burish.
13:46 of 2nd period - Shot Misses the Net.
13:48 of 2nd period - Snap shot by Adam Burish.
13:48 of 2nd period - Stopped by Tyler Weiman without a rebound.
13:49 of 2nd period - Jason Spezza wins face-off versus Mikael Granlund in Sharks zone.
13:56 of 2nd period - Mark Giordano is hit by Dmitri Kalinin and loses puck.
14:21 of 2nd period - Alexander Steen is hit by T.J. Hensick and loses puck.
14:42 of 2nd period - Snap shot by Andy Miele.
14:42 of 2nd period - Stopped by Tyler Weiman without a rebound.
14:43 of 2nd period - Mikael Granlund wins face-off versus Jason Spezza in Sharks zone.
15:18 of 2nd period - Slapshot by Alexander Steen.
15:18 of 2nd period - Shot Blocked by Oskar Osala.
15:59 of 2nd period - Adam Burish is hit by Jiri Tlusty and loses puck.
16:36 of 2nd period - Alexander Edler is hit by T.J. Hensick.
16:40 of 2nd period - Snap shot by Byron Bitz.
16:40 of 2nd period - Deflect By Alexander Steen.
16:40 of 2nd period - Stopped by Tyler Weiman with a rebound.
17:13 of 2nd period - Minor Penalty to Brendan Gallagher for Tripping.
17:14 of 2nd period - Milan Michalek wins face-off versus Byron Bitz in Predators zone.
17:21 of 2nd period - Slapshot by Kevin Shattenkirk.
17:21 of 2nd period - Shot Blocked by Alexander Edler.
17:40 of 2nd period - Byron Bitz is hit by Andrej Sekera and loses puck.
19:13 of 2nd period - Penalty to Brendan Gallagher is over, Brendan Gallagher is back on ice.
Goals for this period are 1 for Sharks vs 0 for Predators.
Shots for this period are 11 for Sharks vs 12 for Predators.

3rd period


0:01 of 3rd period - Jason Spezza wins face-off versus Niclas Bergfors in neutral zone.
0:12 of 3rd period - Snap shot by Ryan Mcdonagh.
0:12 of 3rd period - Stopped by Tyler Weiman without a rebound.
0:13 of 3rd period - Mikael Granlund wins face-off versus Jason Spezza in Sharks zone.
0:24 of 3rd period - Snap shot by Mikael Granlund.
0:24 of 3rd period - Stopped by Tyler Weiman with a rebound.
0:26 of 3rd period - Snap shot by Ryan Mcdonagh.
0:26 of 3rd period - Shot Blocked by Kevin Shattenkirk.
0:28 of 3rd period - Backhand shot by Niclas Bergfors.
0:28 of 3rd period - Goal by Niclas Bergfors - Sharks : 1 - Predators : 1.
0:29 of 3rd period - Jason Spezza wins face-off versus Mikael Granlund in neutral zone.
0:56 of 3rd period - Nick Palmieri is hit by Andy Miele.
1:25 of 3rd period - Minor Penalty to Ryan Murray for Hooking.
1:26 of 3rd period - Andy Miele wins face-off versus Jason Spezza in Predators zone.
1:36 of 3rd period - Minor Penalty to Milan Michalek for Tripping.
1:37 of 3rd period - Jason Spezza wins face-off versus Ryan Kesler in Sharks zone.
2:26 of 3rd period - Snap shot by Mikael Granlund.
2:26 of 3rd period - Goal by Mikael Granlund - Sharks : 1 - Predators : 2.
2:27 of 3rd period - Ryan Kesler wins face-off versus Jason Spezza in neutral zone.
2:52 of 3rd period - Michal Rozsival is hit by Kevin Shattenkirk and loses puck.
3:25 of 3rd period - Penalty to Ryan Murray is over, Ryan Murray is back on ice.
3:36 of 3rd period - Penalty to Milan Michalek is over, Milan Michalek is back on ice.
3:43 of 3rd period - Slapshot by Brendan Gallagher.
3:43 of 3rd period - Stopped by Tyler Weiman without a rebound.
3:44 of 3rd period - Brendan Gallagher wins face-off versus T.J. Hensick in Sharks zone.
3:51 of 3rd period - Slapshot by Kevin Shattenkirk.
3:51 of 3rd period - Stopped by Viktor Fasth without a rebound.
3:52 of 3rd period - Mikael Granlund wins face-off versus T.J. Hensick in Predators zone.
4:01 of 3rd period - Slapshot by Alexander Ovechkin.
4:01 of 3rd period - Shot Blocked by Kevin Shattenkirk.
4:03 of 3rd period - Snap shot by Alexander Ovechkin.
4:03 of 3rd period - Stopped by Tyler Weiman without a rebound.
4:04 of 3rd period - Mikael Granlund wins face-off versus Jason Spezza in Sharks zone.
5:00 of 3rd period - Snap shot by Nick Palmieri.
5:00 of 3rd period - Shot Misses the Net.
5:02 of 3rd period - Slapshot by Andrej Sekera.
5:02 of 3rd period - Stopped by Viktor Fasth with a rebound.
5:04 of 3rd period - Snap shot by T.J. Hensick.
5:04 of 3rd period - Shot Misses the Net.
5:06 of 3rd period - Slapshot by Kevin Shattenkirk.
5:06 of 3rd period - Stopped by Viktor Fasth with a rebound.
5:08 of 3rd period - Backhand shot by Andrej Sekera.
5:08 of 3rd period - Shot Blocked by John Moore.
5:10 of 3rd period - Snap shot by Nick Palmieri.
5:10 of 3rd period - Stopped by Viktor Fasth without a rebound.
5:11 of 3rd period - Jason Spezza wins face-off versus Mikael Granlund in Predators zone.
5:12 of 3rd period - Snap shot by Maxim Afinogenov.
5:12 of 3rd period - Goal by Maxim Afinogenov - Sharks : 2 - Predators : 2.
5:13 of 3rd period - Mikael Granlund wins face-off versus Jason Spezza in neutral zone.
5:28 of 3rd period - Snap shot by Alexander Ovechkin.
5:28 of 3rd period - Shot Misses the Net.
5:30 of 3rd period - Slapshot by Niclas Bergfors.
5:30 of 3rd period - Deflect By Mikael Granlund.
5:30 of 3rd period - Shot Misses the Net.
5:30 of 3rd period - Puck is out of play.
5:31 of 3rd period - T.J. Hensick wins face-off versus Ryan Kesler in Sharks zone.
5:31 of 3rd period - T.J. Hensick is hit by Alexander Edler.
5:34 of 3rd period - Icing by Kevin Shattenkirk.
5:35 of 3rd period - T.J. Hensick wins face-off versus Ryan Kesler in Sharks zone.
5:47 of 3rd period - Kevin Shattenkirk is hit by Ryan Mcdonagh and loses puck.
6:28 of 3rd period - Damien Brunner is hit by Ryan Mcdonagh.
6:44 of 3rd period - Snap shot by Adam Burish.
6:44 of 3rd period - Shot Blocked by Darren Helm.
6:46 of 3rd period - Slapshot by Ryan Mcdonagh.
6:46 of 3rd period - Shot Blocked by Darren Helm.
6:48 of 3rd period - Slapshot by Alexander Edler.
6:48 of 3rd period - Deflect By Darren Helm.
6:48 of 3rd period - Stopped by Tyler Weiman with a rebound.
6:50 of 3rd period - Slapshot by Adam Burish.
6:50 of 3rd period - Stopped by Tyler Weiman with a rebound.
7:00 of 3rd period - Alexander Steen is hit by Oskar Osala and loses puck.
7:45 of 3rd period - Wrist shot by Bobby Butler.
7:45 of 3rd period - Stopped by Viktor Fasth with a rebound.
7:47 of 3rd period - Snap shot by Damien Brunner.
7:47 of 3rd period - Shot Misses the Net.
8:11 of 3rd period - Snap shot by Alexander Steen.
8:11 of 3rd period - Shot Misses the Net.
8:29 of 3rd period - Jiri Tlusty is hit by Michal Rozsival and loses puck.
8:52 of 3rd period - Jason Spezza is hit by Alexander Ovechkin and loses puck.
9:10 of 3rd period - Snap shot by Jason Spezza.
9:10 of 3rd period - Stopped by Viktor Fasth with a rebound.
9:41 of 3rd period - Justin Abdelkader is hit by Nick Palmieri.
9:45 of 3rd period - Oskar Osala is hit by Scott Laughton and loses puck.
10:34 of 3rd period - Snap shot by Alexander Steen.
10:34 of 3rd period - Shot Blocked by Rob Schremp.
10:59 of 3rd period - Minor Penalty to Brendan Gallagher for Slashing.
11:00 of 3rd period - Andy Miele wins face-off versus Jason Spezza in Predators zone.
12:38 of 3rd period - Kevin Shattenkirk is hit by Alexander Ovechkin and loses puck.
12:59 of 3rd period - Penalty to Brendan Gallagher is over, Brendan Gallagher is back on ice.
13:28 of 3rd period - Mark Giordano is hit by John Moore and loses puck.
13:58 of 3rd period - Kevin Shattenkirk is hit by Brendan Gallagher and loses puck.
14:14 of 3rd period - Off-side.
14:15 of 3rd period - Maxim Afinogenov wins face-off versus Mikael Granlund in neutral zone.
14:29 of 3rd period - Alexander Ovechkin is hit by Adam Larsson and loses puck.
14:33 of 3rd period - Icing by Niclas Bergfors.
14:34 of 3rd period - Alexander Ovechkin wins face-off versus T.J. Hensick in Predators zone.
14:34 of 3rd period - Alexander Ovechkin is hit by Oskar Osala.
14:58 of 3rd period - Mikael Granlund is hit by Oskar Osala and loses puck.
15:27 of 3rd period - Nick Palmieri is hit by Mikael Granlund and loses puck.
15:47 of 3rd period - Niclas Bergfors is hit by Oskar Osala and loses puck.
15:56 of 3rd period - Wrist shot by Nick Palmieri.
15:56 of 3rd period - Shot Blocked by Ryan Mcdonagh.
15:58 of 3rd period - Snap shot by Oskar Osala.
15:58 of 3rd period - Shot Misses the Net.
16:00 of 3rd period - Wrist shot by T.J. Hensick.
16:00 of 3rd period - Stopped by Viktor Fasth without a rebound.
16:01 of 3rd period - Andy Miele wins face-off versus Jason Spezza in Predators zone.
17:09 of 3rd period - Ryan Kesler is hit by Adam Larsson and loses puck.
17:26 of 3rd period - Minor Penalty to James Van Riemsdyk for Hooking.
17:27 of 3rd period - Jason Spezza wins face-off versus Andy Miele in Predators zone.
17:45 of 3rd period - Minor Penalty to Maxim Afinogenov for Hooking.
17:46 of 3rd period - Jason Spezza wins face-off versus Ryan Kesler in Sharks zone.
17:51 of 3rd period - Ryan Kesler is hit by Kevin Shattenkirk and loses puck.
18:35 of 3rd period - Slapshot by Andrej Sekera.
18:35 of 3rd period - Stopped by Viktor Fasth with a rebound.
18:55 of 3rd period - Wrist shot by Justin Abdelkader.
18:55 of 3rd period - Shot Misses the Net.
18:57 of 3rd period - Slapshot by Justin Abdelkader.
18:57 of 3rd period - Stopped by Tyler Weiman with a rebound.
18:59 of 3rd period - Snap shot by Justin Abdelkader.
18:59 of 3rd period - Shot Misses the Net.
19:05 of 3rd period - Wrist shot by Justin Abdelkader.
19:05 of 3rd period - Stopped by Tyler Weiman without a rebound.
19:06 of 3rd period - Jason Spezza wins face-off versus Ryan Kesler in Sharks zone.
19:26 of 3rd period - Penalty to James Van Riemsdyk is over, James Van Riemsdyk is back on ice.
19:31 of 3rd period - Maxim Kondratiev is hit by Mikael Granlund and loses puck.
19:45 of 3rd period - Penalty to Maxim Afinogenov is over, Maxim Afinogenov is back on ice.
19:56 of 3rd period - Off-side.
19:57 of 3rd period - Jason Spezza wins face-off versus Mikael Granlund in neutral zone.
Goals for this period are 1 for Sharks vs 2 for Predators.
Shots for this period are 9 for Sharks vs 10 for Predators.

Overtime #1


0:01 of 1st overtime period - Ryan Kesler wins face-off versus Jason Spezza in neutral zone.
0:04 of 1st overtime period - Wrist shot by Niclas Bergfors.
0:04 of 1st overtime period - Stopped by Tyler Weiman with a rebound.
0:11 of 1st overtime period - Snap shot by Milan Michalek.
0:11 of 1st overtime period - Deflect By Jason Spezza.
0:11 of 1st overtime period - Goal by Jason Spezza - Sharks : 3 - Predators : 2.
Goals for this period are 1 for Sharks vs 0 for Predators.
Shots for this period are 1 for Sharks vs 1 for Predators.